 Dungeon Crawl Stone Soup version 0.30-a0-757-ga6a79fd877 (webtiles) character file.

Game seed: 14008901500325059891

156 lunkers the Cutter (level 5, 0/45 HPs)
             Began as a Meteoran Fighter on Feb 9, 2023.
             Was a Follower of Sif Muna.
             Slain by Pikel
             ... wielding a +0 whip of flaming
              (7 damage)
             ... on level 3 of the Dungeon.
             The game lasted 00:04:03 (1495 turns).

lunkers the Cutter (Meteoran Fighter)               Turns: 1495, Time: 00:04:03

Health: 0/45       AC:  9    Str: 17    XL:     5   Next: 98%
Magic:  6/6        EV:  9    Int:  9    God:    Sif Muna [*.....]
Gold:   133        SH:  5    Dex: 16    Spells: 4/4 levels left

rFire   . . .      SeeInvis .    b - +5 dagger (protect)
rCold   . . .      Faith    .    c - +0 buckler
rNeg    . . .      Spirit   .    j - +0 scale mail
rPois   .          Reflect  .    l - +1 helmet
rElec   .          Harm     .    (no cloak)
rCorr   .          Rampage  .    (no gloves)
Will    .....                    (no boots) Stlth
                                 (no amulet)
HPRegen 0.27/turn                (no ring)
MPRegen 0.10/turn                (no ring)

@: mighty, glowing
A: sense surroundings 1, otherworldly, glowing, explore regen
a: Renounce Religion, Channel Magic


You were on level 3 of the Dungeon.
You worshipped Sif Muna.
Sif Muna was aware of your devotion.
You visited 1 branch of the dungeon, and saw 4 of its levels.

You collected 133 gold pieces.

Inventory:

Hand Weapons
 a - a +0 long sword
 b - a +5 dagger of protection (weapon)
 k - a +2 dagger of venom
Armour
 c - a +0 buckler (worn)
 j - a +0 scale mail (worn)
 l - a +1 helmet (worn)
Wands
 n - a wand of polymorph (7)
 p - a wand of flame (12)
Scrolls
 e - a scroll of identify {unknown}
 f - a scroll of enchant weapon {unknown}
 i - a scroll of teleportation {unknown}
 m - a scroll of noise {unknown}
 q - a scroll of vulnerability {unknown}
Potions
 g - 4 potions of curing {unknown}
 h - 3 potions of lignification {unknown}
 o - a potion of brilliance {unknown}
 r - a potion of cancellation {unknown}


   Skills:
 - Level 3.2 Fighting
 + Level 4.5(5.1) Short Blades
 - Level 4.0(5.1) Long Blades
 - Level 3.6 Armour
 - Level 3.6 Shields


You had 4 spell levels left.
You didn't know any spells.
Your spell library contained the following spells:

 Spells                   Type           Power      Damage    Failure   Level
 Portal Projectile        Hex/Tloc       0%         N/A       99%         3
 Tukima's Dance           Hex            0%         N/A       99%         3
 Blade Hands              Tmut           0%         N/A       100%        5


Dungeon Overview and Level Annotations

Branches:
Dungeon (4/15) Zot: 903
 Temple: D:4-7

Altars:
Sif Muna
Zin

Shops:
D:3 !

Annotations:
D:3 Pikel


Innate Abilities, Weirdness & Mutations

You passively map a small area around you.
You are easily found by Zot.
You glow in the dark.
You regain HP and MP as you explore.


Message History

The lemure is severely wounded.
You block the lemure's attack.
You hit the lemure.
The lemure is almost dead.
You block the lemure's attack.
You hit the lemure.
The lemure is almost dead.
The lemure hits you but does no damage.
You hit the lemure.
You kill the lemure!
That felt strangely unrewarding.
There is a stone staircase leading down here.
The rat bites you but does no damage.
You hit the rat.
You kill the rat!
Sif Muna accepts your kill.
There is a stone staircase leading down here.
You climb downwards.
Level annotation: Pikel The goblin hits you with a +0 dagger.
Pikel hits you but does no damage.
There is a stone staircase leading up here.
You block the goblin's attack.
Pikel hits you with a +0 whip of flaming!
* * * LOW HITPOINT WARNING * * *
Pikel burns you.
* * * LOW HITPOINT WARNING * * *
You climb upwards.
There is a stone staircase leading down here.
Unknown command.
Unknown command.
Unknown command.
The goblin hits you but does no damage. Pikel attacks as you move away!
Pikel hits you with a +0 whip of flaming!
* * * LOW HITPOINT WARNING * * *
Pikel burns you.
* * * LOW HITPOINT WARNING * * *
You feel very mighty all of a sudden.
Pikel hits you with a +0 whip of flaming!
You die...

....#.#
#.##..#......# #.#
...##.#
#.###.#......####.#
#####.# #.#
#.#......#....# #.#
#.# #........'.####
#.# #.#
#.#......### #.#
#.###.#..##### .#
#.#....g.#
#.#####K## , #...#
#@# , ###.###.# *
#...).# ,,* #######
, , , * ,


You could see Pikel and a goblin.

Vanquished Creatures
  2 lemures (D:3)
  A jelly (D:2)
  Jessica (D:2)
  Natasha (twice) (D:3)
  A worm (D:3)
  A dart slug (D:1)
  4 endoplasms
  A giant cockroach (D:1)
  3 hobgoblins
  4 jackals (D:2)
  2 quokkas
  6 ball pythons
  2 bats
  2 frilled lizards (D:2)
  8 goblins
  7 kobolds
  5 rats
52 creatures vanquished.

Notes
Turn   | Place    | Note
-------+----------+-------------------------------------------
     0 | D:1      | lunkers the Meteoran Fighter began the quest for the Orb.
     0 | D:1      | Reached XP level 1. HP: 19/19 MP: 2/2
   102 | D:1      | Reached XP level 2. HP: 26/26 MP: 3/3
   261 | D:1      | Reached XP level 3. HP: 24/31 MP: 4/4
   467 | D:2      | Noticed Jessica
   473 | D:2      | Reached skill level 1 in Short Blades
   480 | D:2      | Killed Jessica
   481 | D:2      | Reached XP level 4. HP: 38/38 MP: 5/5
   640 | D:2      | Reached XP level 5. HP: 8/45 MP: 6/6
  1030 | D:3      | Found a faded altar of an unknown god.
  1098 | D:3      | Prayed at the altar of an unknown god.
  1098 | D:3      | Became a worshipper of Sif Muna the Loreminder
  1098 | D:3      | Reached * piety under Sif Muna
  1208 | D:3      | Noticed Natasha
  1218 | D:3      | Killed Natasha
  1221 | D:3      | Found Judeahau's Distillery.
  1396 | D:3      | Noticed Natasha
  1411 | D:3      | Killed Natasha
  1439 | D:4      | Noticed a lemure
  1439 | D:4      | Noticed a lemure
  1439 | D:4      | Noticed a lemure
  1439 | D:4      | Found a glowing silver altar of Zin.
  1441 | D:4      | Noticed Pikel
  1470 | D:3      | Killed a lemure
  1480 | D:3      | Killed a lemure
  1495 | D:3      | Slain by Pikel

Illustrated notes

Levels and vault maps discovered:
D:1:      eino_arrival_cavern_d, layout_loops_cross
D:2:      layout_basic, minmay_tall_x, uniq_terence, uniq_jessica,
          uniq_crazy_yiuf_cottage
D:3:      layout_basic, ebering_ecumenical_altar_hall, serial_shops,
          nicolae_shop_advertising_works [nicolae_subvault_shop_adworks],
          uniq_natasha
D:4:      layout_rooms, minitemple, minmay_temple_entry_glassed_door,
          guppyfry_early_lair_pool, uniq_blork_the_orc, uniq_pikel

Skill      XL: |  1  2  3  4  5 |
---------------+----------------+-----
Long Blades    | 3 4 |  4.0
Short Blades   | 2 3 4 |  4.5
Fighting       | |  3.2
Armour         | |  3.6
Shields        | |  3.6

Action                     |  1- 3 |  4- 6 || total
---------------------------+-------+-------++-------
  Melee: Long sword        |    63 |       ||    63
         Dagger            |    18 |   113 ||   131
    Use: Potion            |       |     1 ||     1
 Armour: Scale mail        |    29 |    83 ||   112
         Skin              |     1 |       ||     1
  Dodge: Dodged            |    24 |    33 ||    57
  Block: Buckler           |     9 |    24 ||    33

Table legend: (Time is in decaauts)
 A = Elapsed time spent in this place.
 B = Non-inter-level travel time spent in this place.
 C = Inter-level travel time spent in this place.
 D = Time resting spent in this place.
 E = Time spent auto-exploring this place.
 F = Levels seen in this place.
 G = Mean time per level.
                   A        B        C        D        E       F      G
               +--------+--------+--------+--------+--------+-----+--------+
         Total |   1495 |   1433 |     62 |     19 |   1040 |   4 |  373.8 |
       Dungeon |   1495 |   1433 |     62 |     19 |   1040 |   4 |  373.8 |
               +--------+--------+--------+--------+--------+-----+--------+

Top non-repeatable levels by time:
     D:3: 720 daAuts
     D:1: 413 daAuts
     D:2: 356 daAuts
     D:4: 5 daAuts
